 Dungeon Crawl Stone Soup version 0.23.2-1-ga50397a6bc (webtiles) character file.

Game seed: 12791727524313736150

474 Nygeryga the Basher (level 6, -22/57 HPs)
             Began as a Minotaur Berserker on May 26, 2019.
             Was a Priest of Trog.
             Annihilated by an ogre
             ... wielding a +0 giant spiked club
              (25 damage)
             ... on level 3 of the Dungeon.
             The game lasted 00:08:14 (3507 turns).

Nygeryga the Basher (Minotaur Berserker)            Turns: 3507, Time: 00:08:14

Health: -22/57     AC: 11    Str: 23    XL:     6   Next: 84%
Magic:  5/5        EV:  7    Int:  4    God:    Trog [***...]
Gold:   180        SH:  0    Dex: 10    Spells: 5/5 levels left

rFire    + . .     SeeInvis .   m - +2 flail (crush)
rCold    x . .     Gourm    .   (no shield)
rNeg     + . .     Faith    +   h - +0 plate armour
rPois    .         Spirit   .   (helmet restricted)
rElec    .         Reflect  .   (no cloak)
rCorr    .         Harm     .   (no gloves)
MR       .....                  (no boots)
Stlth    ..........             e - amulet of faith
HPRegen  0.19/turn              q - ring of fire
MPRegen  0.09/turn              r - ring of positive energy

@: no status effects
A: retaliatory headbutt, horns 2
a: Berserk, Trog's Hand, Renounce Religion


You were on level 3 of the Dungeon.
You worshipped Trog.
Trog was most pleased with you.
You were hungry.

You visited 1 branch of the dungeon, and saw 4 of its levels.

You collected 180 gold pieces.

Inventory:

Hand Weapons
 a - a +0 mace
 d - a +0 morningstar
 m - a +2 flail of crushing (weapon)
Armour
 b - a +0 animal skin
 g - a +0 ring mail
 h - a +0 plate armour (worn)
 n - a +2 scale mail of fire resistance
Jewellery
 e - an amulet of faith (around neck)
 q - a ring of fire (left hand)
 r - a ring of positive energy (right hand)
Scrolls
 f - a scroll of enchant armour
 k - 2 scrolls of identify
Potions
 j - a potion of haste
 o - a potion of curing {unknown}
 p - 2 potions of agility {unknown}
 s - a potion of heal wounds {unknown}
Comestibles
 c - 5 rations


   Skills:
 + Level 6.1 Fighting
 * Level 8.0 Maces & Flails
 - Level 2.4 Armour
 - Level 2.1 Dodging


You had 5 spell levels left.
You didn't know any spells.
Your spell library was empty.

Dungeon Overview and Level Annotations

Branches:
Dungeon (4/15)
 Temple: D:4-7

Altars:
Ashenzari
Qazlal
Yredelemnul


Innate Abilities, Weirdness & Mutations

You reflexively headbutt those who attack you in melee.
You have a pair of horns on your head.


Message History

You hit the orc priest.
You kill the orc priest!
Trog accepts your kill.
Your Maces & Flails skill increases to level 8!
You can't go down here!
The orc priest mumbles some strange prayers to Beogh against you.
Beogh smites you!
The ogre hits you with a +0 giant spiked club.
You climb upwards.
There is a stone staircase leading down here.
You hit the ogre.
The ogre is moderately wounded.
You completely miss the ogre. You headbutt the ogre!
The ogre is heavily wounded.
The ogre hits you with a +0 giant spiked club!!
* * * LOW HITPOINT WARNING * * *
You thump the ogre! You headbutt the ogre.
The ogre is almost dead.
The ogre hits you with a +0 giant spiked club!!
You die...

#..#.............._..##...รท....#
#......###.......#.#>....##.#..##
......## #....[[.........##.#....
#....## #....[.)........##..#.##
###...## #..#.#....#####.##'##.#
##.....###..#.#....# ###8.8###
#...........#.#....# ##.....##
#...###.......#....# ##8.....8##
#..## #..####...@..# ##.........#
#..## #..## ###..O####8.........8
#...###...# #...##.'.....(.....
...)......# #..###.#8.........8
##......#.#####.###..##.........#
######..............####8.....8##
# #.#####........##.##.....## #
#.# ##........###.##8.8##
###.####.........# #.###'##


You could see an ogre.

Vanquished Creatures
  An orc warrior (D:3)
  A scorpion (D:4)
  A crimson imp (D:2)
  An orc priest (D:4)
  2 orc wizards (D:3)
  A bullfrog skeleton (D:3)
  Jessica (D:3)
  Terence (D:2)
  4 adders
  3 worms (D:2)
  3 dart slugs (D:1)
  2 leopard geckos
  3 orcs
  5 giant cockroaches
  4 goblins
  12 hobgoblins
  4 jackals (D:1)
  5 kobolds
  2 quokkas
  A ball python (D:3)
  11 bats
  5 frilled lizards
  7 rats
80 creatures vanquished.

Notes
Turn   | Place    | Note
-------+----------+-------------------------------------------
     0 | D:1      | Nygeryga the Minotaur Berserker began the quest for the
                  | Orb.
     0 | D:1      | Reached XP level 1. HP: 19/19 MP: 0/0
   232 | D:1      | Reached skill level 4 in Maces & Flails
   235 | D:1      | Reached XP level 2. HP: 13/27 MP: 1/1
   722 | D:1      | Reached ** piety under Trog
   724 | D:1      | Reached XP level 3. HP: 32/33 MP: 2/2
  1271 | D:2      | Reached skill level 5 in Maces & Flails
  1455 | D:2      | Reached XP level 4. HP: 41/41 MP: 3/3
  1674 | D:2      | Noticed Terence
  1685 | D:2      | Killed Terence
  1685 | D:2      | Reached skill level 6 in Maces & Flails
  1747 | D:2      | Reached XP level 5. HP: 45/47 MP: 4/4
  1994 | D:2      | Reached skill level 5 in Fighting
  2381 | D:3      | Found a shattered altar of Ashenzari.
  2400 | D:3      | Found a stormy altar of Qazlal.
  2783 | D:3      | Reached *** piety under Trog
  2784 | D:3      | Reached skill level 7 in Maces & Flails
  2801 | D:3      | Noticed Jessica
  2805 | D:3      | Reached XP level 6. HP: 54/56 MP: 5/5
  2809 | D:3      | Killed Jessica
  2946 | D:3      | Found a basalt altar of Yredelemnul.
  3253 | D:4      | Noticed an orc warrior
  3265 | D:3      | Killed an orc warrior
  3502 | D:4      | Reached skill level 8 in Maces & Flails
  3507 | D:3      | Annihilated by an ogre

Skill      XL: |  1  2  3  4  5  6 |
---------------+-------------------+-----
Maces & Flails | 4 5 6 7 8 |  8.0
Fighting       | 4 5 6 |  6.1
Armour         | |  2.4
Dodging        | |  2.1

Action                   |  1- 3 |  4- 6 || total
-------------------------+-------+-------++-------
Melee: Mace              |    64 |    24 ||    88
       Headbutt          |    10 |    20 ||    30
       Flail             |       |    84 ||    84
Invok: Berserk           |       |     2 ||     2
  Use: Scroll            |       |     6 ||     6
 Stab: Sleeping          |     1 |       ||     1
  Eat: Chunk             |     2 |     7 ||     9
Armor: Animal skin       |     9 |       ||     9
       Ring mail         |    10 |     6 ||    16
       Scale mail        |       |    30 ||    30
Dodge: Dodged            |    46 |    43 ||    89
